Comets vs Ice Hogs

Created - Tuesday, December 01, 2015 at 04:28

Goals
1 2 3 T
Comets 0 1 0 1
Ice Hogs 1 1 0 2
Shots
1 2 3 T
Comets 8 4 14 26
Ice Hogs 6 5 4 15

1st period

1. Ice Hogs , Seth Griffith 18 (Matt Fraser, Travis Morin) at 0:40 (PP)

Penalties :
Andrew Ference (UTI) for Tripping (Minor) at 0:19, Anton Volchenkov (RIH) for Holding (Minor) at 4:58, John Scott (UTI) for Hooking (Minor) at 17:37

2nd period

2. Ice Hogs , Seth Griffith 19 (Matt Fraser, Alexey Marchenko) at 14:47 (PP)
3. Comets , Tyler Kennedy 7 (Dylan McIlrath, Mike Sislo) at 15:53 (PP)

Penalties :
Oscar Lindberg (RIH) for Hooking (Minor) at 1:00, Andrew Ference (UTI) for Slashing (Minor) at 12:50, Petr Straka (RIH) for Roughing (Minor) at 15:40, Jean-Philippe Cote (RIH) for Fighting (Major) at 18:14, Jared Boll (UTI) for Fighting (Major) at 18:14

3rd period

No Goal

Penalties :
Will Acton (RIH) for Hooking (Minor) at 12:00

Goalie Stats

Mike Condon (UTI), 13 saves from 15 shots - (0.867), L, 13-8-4, 59:12 minutes
Yann Danis (RIH), 25 saves from 26 shots - (0.962), W, 15-6-4, 60:00 minutes

Players Stats for Comets

Player Name              G  A  P  +/- PIM S  H  SB GA TA FO     MP     PP MP  PK MP  
------------------------------------------------------------------------------------
Andrew Ference           0  0  0   0  4   4  1  1  0  4  0/0    24:46   2:37   0:24 
Ben Hanowski             0  0  0   0  0   1  1  1  1  4  0/0    15:54   0:00   1:13 
Brendan Gaunce           0  0  0   0  0   0  0  0  0  0  1/2    11:10   0:00   1:32 
Corbin McPherson         0  0  0   0  0   1  2  0  0  1  0/0    16:24   0:00   0:00 
Derek Meech              0  0  0   0  0   1  0  1  1  1  0/0    15:58   0:00   1:24 
Dylan McIlrath           0  1  1   0  0   1  0  0  0  1  0/0     8:54   3:33   0:00 
Jared Boll               0  0  0   0  5   1  5  0  0  1  5/11   16:03   2:36   0:00 
Jeremy Welsh             0  0  0   0  0   0  0  0  0  0  0/0    17:53   2:36   0:32 
John Scott               0  0  0   0  2   3  8  1  1  0  0/0    17:29   3:34   1:56 
Keith Ballard            0  0  0   0  0   3  2  1  4  1  0/0    21:43   3:46   1:48 
Kent Huskins             0  0  0   0  0   0  0  1  0  0  0/0    11:16   0:00   2:29 
Landon Ferraro           0  0  0   0  0   1  2  0  0  0  1/2    17:20   0:19   0:46 
Mark Pysyk               0  0  0   0  0   2  0  1  2  1  0/0    20:55   2:24   2:29 
Mike Sislo               0  1  1   0  0   4  0  1  3  2  0/0    17:31   3:34   0:22 
Nicklas Jensen           0  0  0   0  0   0  3  0  0  0  4/6    14:29   0:00   0:22 
Scott Glennie            0  0  0   0  0   0  1  1  0  0  2/2     8:40   0:00   0:00 
Sven Baertschi           0  0  0   0  0   1  0  0  6  2  0/2    18:13   2:36   0:00 
Tyler Kennedy            1  0  1   0  0   3  1  0  2  0  4/19   20:56   3:15   1:51 

Players Stats for Ice Hogs

Player Name              G  A  P  +/- PIM S  H  SB GA TA FO     MP     PP MP  PK MP  
------------------------------------------------------------------------------------
Alexey Marchenko         0  1  1   0  0   1  2  3  0  4  0/0    25:21   2:22   3:52 
Anton Volchenkov         0  0  0   0  2   1  0  0  0  1  0/0    26:57   1:39   2:24 
Ben Holmstrom            0  0  0   0  0   0  0  0  1  0  2/4     9:25   0:00   0:00 
Colin McDonald           0  0  0   0  0   0  3  0  3  0  0/1    19:34   1:22   2:55 
Derek Hulak              0  0  0   0  0   1  0  1  0  0  0/0     9:25   0:00   0:00 
Frank Corrado            0  0  0   0  0   2  3  2  2  1  0/0    25:28   1:53   2:19 
Jean-Philippe Cote       0  0  0   0  5   1  4  1  0  2  0/0    23:20   1:34   2:56 
Kyle Hagel               0  0  0   0  0   0  1  1  0  0  0/0    13:45   0:44   0:49 
Mat Bodie                0  0  0   0  0   0  0  0  0  0  0/0     4:52   0:22   0:00 
Matt Fraser              0  2  2   0  0   1  4  1  2  0  0/0    18:55   2:10   0:00 
Oscar Lindberg           0  0  0   0  2   1  1  0  3  3  5/10   16:49   1:54   2:24 
Petr Straka              0  0  0   0  2   1  3  0  1  0  1/1    14:41   0:00   0:00 
Ryan Haggerty            0  0  0   0  0   0  0  0  0  0  0/0     0:22   0:22   0:00 
Scott Wilson             0  0  0   0  0   0  1  0  1  0  3/3    14:15   2:16   0:51 
Seth Griffith            2  0  2   0  0   4  2  1  3  0  0/1    19:54   2:01   3:15 
T.J. Tynan               0  0  0   0  0   0  4  0  1  2  4/7    14:42   0:00   0:00 
Travis Morin             0  1  1   0  0   0  1  1  1  0  12/17  19:04   2:01   2:55 
Will Acton               0  0  0   0  2   2  4  0  4  0  0/0    16:51   0:45   0:00 

3 Stars

1 - Seth Griffith (RIH)
2 - Yann Danis (RIH)
3 - Matt Fraser (RIH)

Power Play

Comets - 1 on 4 Attempt(s) - 25.00%
Ice Hogs - 2 on 3 Attempt(s) - 66.67%

Penalty Kill

Comets - 1 on 3 Attempt(s) - 33.33% - Score 0 goal in Penalty Kill
Ice Hogs - 3 on 4 Attempt(s) - 75.00% - Score 0 goal in Penalty Kill

Team Stat

Comets - Hits : 26 - Faceoff Wins : 17 - Blocked Shots : 9 - Penalty Minutes : 11
Ice Hogs - Hits : 33 - Faceoff Wins : 27 - Blocked Shots : 11 - Penalty Minutes : 13

Official

Referees : Unknown
Linesman : Unknown

Game Notes

Jared Boll beats up Jean-Philippe Cote at 18:14 of 2nd period
Kent Huskins is injured at 0:22 of 3rd period (Right Ankle)

Finance

Level 1 -- Attendance: 1488 (74.40%) -- Ticket Income $52,080
Level 2 -- Attendance: 744 (74.40%) -- Ticket Income $11,160
Total Attendance: 2232 (74.40%)
Total Ticket Income: $63,240
Other Income: $30,988
Total Income: $94,228

Comets

5 vs 5 Forward 
   Center                   Left Wing                Right Wing               Time % Phy DF OF 
 1 Tyler Kennedy            John Scott               Mike Sislo               35     1   2  2  
 2 Jared Boll               Sven Baertschi           Jeremy Welsh             30     1   2  2  
 3 Nicklas Jensen           Landon Ferraro           Ben Hanowski             22     1   2  2  
 4 Scott Glennie            Brendan Gaunce           Tyler Kennedy            13     1   2  2  

5 vs 5 Defense 
   Defense                  Defense                                           Time % Phy DF OF 
 1 Andrew Ference           Keith Ballard                                     35     1   2  2  
 2 Mark Pysyk               Kent Huskins                                      30     1   2  2  
 3 Corbin McPherson         Derek Meech                                       22     1   2  2  
 4 Dylan McIlrath           Andrew Ference                                    13     1   2  2  

PowerPlay Forward 
   Center                   Left Wing                Right Wing               Time % Phy DF OF 
 1 Tyler Kennedy            John Scott               Mike Sislo               60     1   2  2  
 2 Jared Boll               Sven Baertschi           Jeremy Welsh             40     1   2  2  

PowerPlay Defense
   Defense                  Defense                                           Time % Phy DF OF 
 1 Andrew Ference           Keith Ballard                                     60     1   2  2  
 2 Mark Pysyk               Dylan McIlrath                                    40     1   2  2  

Penalty Kill 4 Players Forward 
   Center                   Wing                     Time % Phy DF OF 
 1 Tyler Kennedy            John Scott               60     1   2  2  
 2 Mike Sislo               Nicklas Jensen           40     1   2  2  

Penalty Kill 4 Players Defense
   Defense                  Defense                  Time % Phy DF OF 
 1 Andrew Ference           Keith Ballard            60     1   2  2  
 2 Kent Huskins             Mark Pysyk               40     1   2  2  

Penalty Kill - 3 Players Forward 
   Forward                                           Time % Phy DF OF 
 1 Tyler Kennedy                                     60     1   2  2  
 2 Scott Glennie                                     40     1   2  2  

Penalty Kill - 3 Players Defense
   Defense                  Defense                  Time % Phy DF OF 
 1 Andrew Ference           John Scott               60     1   2  2  
 2 Derek Meech              Keith Ballard            40     1   2  2  

4 vs 4 Forward 
   Center                   Wing                     Time % Phy DF OF 
 1 Tyler Kennedy            Mike Sislo               60     1   2  2  
 2 Landon Ferraro           Ben Hanowski             40     1   2  2  

4 vs 4 Defense
   Defense                  Defense                  Time % Phy DF OF 
 1 Keith Ballard            Andrew Ference           60     1   2  2  
 2 Corbin McPherson         John Scott               40     1   2  2  

Last Minutes Offensive
   Center                   Left Wing                Right Wing               Defense                  Defense                  
   Tyler Kennedy            John Scott               Mike Sislo               Andrew Ference           Keith Ballard            

Last Minutes Defensive
   Center                   Left Wing                Right Wing               Defense                  Defense                  
   Tyler Kennedy            John Scott               Mike Sislo               Andrew Ference           Keith Ballard            

Goaltenders
Starting : Mike Condon              
Backup : Scott Wedgewood          

Extra Forwards
Normal : Tyler Kennedy, Mike Sislo, Sven Baertschi - PP : Jared Boll, Jeremy Welsh - PK : Brendan Gaunce
Extra Defensemen
Normal : Kent Huskins, Corbin McPherson, Derek Meech - PP : Dylan McIlrath - PK : Keith Ballard, Andrew Ference
Penalty Shots
Tyler Kennedy, Mike Sislo, Sven Baertschi, Jared Boll, Jeremy Welsh

Ice Hogs

5 vs 5 Forward 
   Center                   Left Wing                Right Wing               Time % Phy DF OF 
 1 Travis Morin             Matt Fraser              Seth Griffith            30     0   2  3  
 2 Oscar Lindberg           Scott Wilson             Colin McDonald           25     0   2  3  
 3 T.J. Tynan               Will Acton               Petr Straka              25     1   2  2  
 4 Ben Holmstrom            Derek Hulak              Colin McDonald           20     1   2  2  

5 vs 5 Defense 
   Defense                  Defense                                           Time % Phy DF OF 
 1 Anton Volchenkov         Alexey Marchenko                                  30     1   2  2  
 2 Frank Corrado            Jean-Philippe Cote                                30     1   2  2  
 3 Anton Volchenkov         Jean-Philippe Cote                                30     1   2  2  
 4 Anton Volchenkov         Alexey Marchenko                                  10     1   2  2  

PowerPlay Forward 
   Center                   Left Wing                Right Wing               Time % Phy DF OF 
 1 Travis Morin             Matt Fraser              Seth Griffith            50     1   1  3  
 2 Oscar Lindberg           Scott Wilson             Colin McDonald           50     1   1  3  

PowerPlay Defense
   Defense                  Defense                                           Time % Phy DF OF 
 1 Anton Volchenkov         Alexey Marchenko                                  50     0   2  3  
 2 Frank Corrado            Jean-Philippe Cote                                50     0   2  3  

Penalty Kill 4 Players Forward 
   Center                   Wing                     Time % Phy DF OF 
 1 Oscar Lindberg           Seth Griffith            50     1   3  1  
 2 Travis Morin             Colin McDonald           50     1   3  1  

Penalty Kill 4 Players Defense
   Defense                  Defense                  Time % Phy DF OF 
 1 Anton Volchenkov         Alexey Marchenko         50     1   4  0  
 2 Frank Corrado            Jean-Philippe Cote       50     1   4  0  

Penalty Kill - 3 Players Forward 
   Forward                                           Time % Phy DF OF 
 1 Colin McDonald                                    50     1   4  0  
 2 Travis Morin                                      50     1   4  0  

Penalty Kill - 3 Players Defense
   Defense                  Defense                  Time % Phy DF OF 
 1 Anton Volchenkov         Alexey Marchenko         50     1   4  0  
 2 Frank Corrado            Jean-Philippe Cote       50     1   4  0  

4 vs 4 Forward 
   Center                   Wing                     Time % Phy DF OF 
 1 T.J. Tynan               Petr Straka              50     1   2  2  
 2 Oscar Lindberg           Colin McDonald           50     1   2  2  

4 vs 4 Defense
   Defense                  Defense                  Time % Phy DF OF 
 1 Frank Corrado            Alexey Marchenko         50     1   2  2  
 2 Anton Volchenkov         Jean-Philippe Cote       50     1   2  2  

Last Minutes Offensive
   Center                   Left Wing                Right Wing               Defense                  Defense                  
   Travis Morin             Matt Fraser              Colin McDonald           Anton Volchenkov         Alexey Marchenko         

Last Minutes Defensive
   Center                   Left Wing                Right Wing               Defense                  Defense                  
   Oscar Lindberg           Scott Wilson             Seth Griffith            Anton Volchenkov         Frank Corrado            

Goaltenders
Starting : Yann Danis               
Backup : Ryan Faragher            

Extra Forwards
Normal : Colin McDonald, Oscar Lindberg, Matt Fraser - PP : Colin McDonald, Matt Fraser - PK : Scott Wilson
Extra Defensemen
Normal : Frank Corrado, Alexey Marchenko, Anton Volchenkov - PP : Frank Corrado - PK : Frank Corrado, Anton Volchenkov
Penalty Shots
Travis Morin, Colin McDonald, Oscar Lindberg, Scott Wilson, Will Acton

% Time on Ice - Comets

Lines # - Real PCT - Wanted PCT - Time Play
Normal Forward
1 - 23% - 35% - 11:09
2 - 30% - 30% - 14:45
3 - 29% - 22% - 14:07
4 - 18% - 13% - 8:40
Normal Defense
1 - 32% - 35% - 15:27
2 - 33% - 30% - 16:03
3 - 24% - 22% - 11:50
4 - 11% - 13% - 5:21
PP Forward
1 - 58% - 60% - 3:34
2 - 42% - 40% - 2:36
PP Defense
1 - 61% - 60% - 3:46
2 - 39% - 40% - 2:24
PK Forward
1 - 91% - 60% - 3:55
2 - 9% - 40% - 0:22
PK Defense
1 - 42% - 60% - 1:48
2 - 58% - 40% - 2:29
PK3 Forward
1 - 0% - 60%
2 - 0% - 40%
PK3 Defense
1 - 0% - 60%
2 - 0% - 40%
44 Forward
1 - 0% - 60%
2 - 0% - 40%
44 Defense
1 - 0% - 60%
2 - 0% - 40%
Last Minute Offensive  - 0:52
Last Minute Defensive  - 0:00
Total
Forward - 60:00
Defense - 60:00

% Time on Ice - Ice Hogs

Lines # - Real PCT - Wanted PCT - Time Play
Normal Forward
1 - 29% - 30% - 14:12
2 - 22% - 25% - 10:47
3 - 30% - 25% - 14:42
4 - 19% - 20% - 9:25
Normal Defense
1 - 32% - 30% - 15:55
2 - 38% - 30% - 18:31
3 - 24% - 30% - 11:57
4 - 6% - 10% - 2:43
PP Forward
1 - 47% - 50% - 2:01
2 - 53% - 50% - 2:16
PP Defense
1 - 47% - 50% - 2:02
2 - 53% - 50% - 2:15
PK Forward
1 - 53% - 50% - 3:15
2 - 47% - 50% - 2:55
PK Defense
1 - 71% - 50% - 4:23
2 - 29% - 50% - 1:47
PK3 Forward
1 - 0% - 50%
2 - 0% - 50%
PK3 Defense
1 - 0% - 50%
2 - 0% - 50%
44 Forward
1 - 0% - 50%
2 - 0% - 50%
44 Defense
1 - 0% - 50%
2 - 0% - 50%
Last Minute Offensive  - 0:00
Last Minute Defensive  - 0:27
Total
Forward - 60:00
Defense - 60:00

Play by Play

1st period


0:01 of 1st period - Travis Morin wins face-off versus Tyler Kennedy in neutral zone.
0:04 of 1st period - Wrist shot by Matt Fraser.
0:04 of 1st period - Shot Misses the Net.
0:08 of 1st period - Snap shot by Matt Fraser.
0:08 of 1st period - Shot Blocked by Mike Sislo.
0:10 of 1st period - Slapshot by Alexey Marchenko.
0:10 of 1st period - Shot Blocked by Keith Ballard.
0:12 of 1st period - Backhand shot by Alexey Marchenko.
0:12 of 1st period - Shot Misses the Net.
0:14 of 1st period - Wrist shot by Seth Griffith.
0:14 of 1st period - Shot Misses the Net.
0:16 of 1st period - Wrist shot by Anton Volchenkov.
0:16 of 1st period - Stopped by Mike Condon without a rebound.
0:17 of 1st period - Tyler Kennedy wins face-off versus Travis Morin in Comets zone.
0:19 of 1st period - Minor Penalty to Andrew Ference for Tripping.
0:20 of 1st period - Travis Morin wins face-off versus Tyler Kennedy in Comets zone.
0:40 of 1st period - Snap shot by Seth Griffith.
0:40 of 1st period - Goal by Seth Griffith - Comets : 0 - Ice Hogs : 1.
0:41 of 1st period - Jared Boll wins face-off versus Oscar Lindberg in neutral zone.
0:52 of 1st period - Wrist shot by Sven Baertschi.
0:52 of 1st period - Shot Misses the Net.
1:05 of 1st period - Off-side.
1:06 of 1st period - Nicklas Jensen wins face-off versus T.J. Tynan in neutral zone.
1:09 of 1st period - Petr Straka is hit by Landon Ferraro and loses puck.
1:20 of 1st period - Slapshot by Anton Volchenkov.
1:20 of 1st period - Shot Misses the Net.
1:22 of 1st period - Slapshot by Jean-Philippe Cote.
1:22 of 1st period - Shot Misses the Net.
1:24 of 1st period - Slapshot by Jean-Philippe Cote.
1:24 of 1st period - Stopped by Mike Condon with a rebound.
1:32 of 1st period - Snap shot by Petr Straka.
1:32 of 1st period - Deflect By Will Acton.
1:32 of 1st period - Shot Misses the Net.
1:32 of 1st period - Puck is out of play.
1:33 of 1st period - Ben Holmstrom wins face-off versus Tyler Kennedy in Comets zone.
1:36 of 1st period - Snap shot by Colin McDonald.
1:36 of 1st period - Shot Blocked by Andrew Ference.
2:09 of 1st period - Wrist shot by Mike Sislo.
2:09 of 1st period - Stopped by Yann Danis with a rebound.
2:35 of 1st period - Andrew Ference is hit by Travis Morin.
2:47 of 1st period - Frank Corrado is hit by Keith Ballard and loses puck.
4:05 of 1st period - Snap shot by Tyler Kennedy.
4:05 of 1st period - Shot Blocked by Frank Corrado.
4:07 of 1st period - Snap shot by Brendan Gaunce.
4:07 of 1st period - Shot Blocked by Jean-Philippe Cote.
4:58 of 1st period - Minor Penalty to Anton Volchenkov for Holding.
4:59 of 1st period - Oscar Lindberg wins face-off versus Tyler Kennedy in Ice Hogs zone.
5:12 of 1st period - Snap shot by John Scott.
5:12 of 1st period - Shot Misses the Net.
5:14 of 1st period - Slapshot by Mike Sislo.
5:14 of 1st period - Shot Misses the Net.
5:16 of 1st period - Snap shot by Mike Sislo.
5:16 of 1st period - Shot Misses the Net.
5:46 of 1st period - Travis Morin is hit by Jared Boll and loses puck.
6:19 of 1st period - Wrist shot by Seth Griffith.
6:19 of 1st period - Stopped by Mike Condon with a rebound.
6:25 of 1st period - Oscar Lindberg is hit by John Scott and loses puck.
6:45 of 1st period - Slapshot by Alexey Marchenko.
6:45 of 1st period - Deflect By Travis Morin.
6:45 of 1st period - Shot Misses the Net.
6:45 of 1st period - Puck is out of play.
6:46 of 1st period - Travis Morin wins face-off versus Jared Boll in Comets zone.
6:52 of 1st period - Icing by Andrew Ference.
6:53 of 1st period - Jared Boll wins face-off versus Travis Morin in Comets zone.
6:58 of 1st period - Penalty to Anton Volchenkov is over, Anton Volchenkov is back on ice.
7:13 of 1st period - Keith Ballard is hit by Will Acton and loses puck.
8:20 of 1st period - Travis Morin is hit by Andrew Ference and loses puck.
8:43 of 1st period - Kent Huskins is hit by Frank Corrado and loses puck.
9:06 of 1st period - Ben Hanowski is hit by Jean-Philippe Cote and loses puck.
10:11 of 1st period - Corbin McPherson is hit by Kyle Hagel and loses puck.
10:38 of 1st period - Jared Boll is hit by Jean-Philippe Cote and loses puck.
10:57 of 1st period - Wrist shot by Ben Hanowski.
10:57 of 1st period - Stopped by Yann Danis with a rebound.
10:59 of 1st period - Snap shot by Ben Hanowski.
10:59 of 1st period - Shot Misses the Net.
11:01 of 1st period - Snap shot by Dylan McIlrath.
11:01 of 1st period - Deflect By Anton Volchenkov.
11:01 of 1st period - Stopped by Yann Danis with a rebound.
11:21 of 1st period - Wrist shot by John Scott.
11:21 of 1st period - Shot Misses the Net.
11:23 of 1st period - Slapshot by Mike Sislo.
11:23 of 1st period - Shot Misses the Net.
11:25 of 1st period - Slapshot by Derek Meech.
11:25 of 1st period - Stopped by Yann Danis with a rebound.
12:01 of 1st period - Wrist shot by Matt Fraser.
12:01 of 1st period - Shot Blocked by Ben Hanowski.
12:21 of 1st period - Snap shot by Will Acton.
12:21 of 1st period - Shot Misses the Net.
12:23 of 1st period - Slapshot by Alexey Marchenko.
12:23 of 1st period - Shot Misses the Net.
12:25 of 1st period - Snap shot by Will Acton.
12:25 of 1st period - Stopped by Mike Condon with a rebound.
13:01 of 1st period - Snap shot by Mike Sislo.
13:01 of 1st period - Shot Misses the Net.
13:03 of 1st period - Backhand shot by Mike Sislo.
13:03 of 1st period - Shot Blocked by Frank Corrado.
13:05 of 1st period - Snap shot by Corbin McPherson.
13:05 of 1st period - Stopped by Yann Danis without a rebound.
13:06 of 1st period - Oscar Lindberg wins face-off versus Brendan Gaunce in Ice Hogs zone.
14:07 of 1st period - Kent Huskins is hit by Frank Corrado and loses puck.
15:57 of 1st period - Ben Hanowski is hit by Seth Griffith and loses puck.
16:48 of 1st period - Jean-Philippe Cote is hit by Jared Boll and loses puck.
17:19 of 1st period - Alexey Marchenko is hit by John Scott and loses puck.
17:37 of 1st period - Minor Penalty to John Scott for Hooking.
17:38 of 1st period - Tyler Kennedy wins face-off versus Travis Morin in Comets zone.
17:43 of 1st period - Slapshot by Mark Pysyk.
17:43 of 1st period - Deflect By Alexey Marchenko.
17:43 of 1st period - Stopped by Yann Danis with a rebound.
19:19 of 1st period - Wrist shot by Frank Corrado.
19:19 of 1st period - Stopped by Mike Condon without a rebound.
19:20 of 1st period - Brendan Gaunce wins face-off versus Oscar Lindberg in Comets zone.
19:35 of 1st period - Snap shot by Keith Ballard.
19:35 of 1st period - Shot Blocked by Travis Morin.
19:37 of 1st period - Penalty to John Scott is over, John Scott is back on ice.
19:47 of 1st period - Wrist shot by Sven Baertschi.
19:47 of 1st period - Shot Misses the Net.
19:49 of 1st period - Wrist shot by Jared Boll.
19:49 of 1st period - Stopped by Yann Danis with a rebound.
19:51 of 1st period - Slapshot by Keith Ballard.
19:51 of 1st period - Stopped by Yann Danis with a rebound.
Goals for this period are 0 for Comets vs 1 for Ice Hogs.
Shots for this period are 8 for Comets vs 6 for Ice Hogs.

2nd period


0:01 of 2nd period - Travis Morin wins face-off versus Tyler Kennedy in neutral zone.
0:33 of 2nd period - Snap shot by Mike Sislo.
0:33 of 2nd period - Shot Misses the Net.
0:35 of 2nd period - Snap shot by Andrew Ference.
0:35 of 2nd period - Deflect By Mike Sislo.
0:35 of 2nd period - Shot Misses the Net.
0:35 of 2nd period - Puck is out of play.
0:36 of 2nd period - Oscar Lindberg wins face-off versus Jared Boll in Ice Hogs zone.
0:49 of 2nd period - Snap shot by Sven Baertschi.
0:49 of 2nd period - Shot Misses the Net.
0:51 of 2nd period - Slapshot by Mark Pysyk.
0:51 of 2nd period - Stopped by Yann Danis without a rebound.
0:52 of 2nd period - Jared Boll wins face-off versus Oscar Lindberg in Ice Hogs zone.
1:00 of 2nd period - Minor Penalty to Oscar Lindberg for Hooking.
1:01 of 2nd period - Scott Wilson wins face-off versus Tyler Kennedy in Ice Hogs zone.
1:11 of 2nd period - Snap shot by Tyler Kennedy.
1:11 of 2nd period - Shot Misses the Net.
2:02 of 2nd period - Snap shot by Sven Baertschi.
2:02 of 2nd period - Shot Blocked by Seth Griffith.
2:10 of 2nd period - Jared Boll is hit by Frank Corrado and loses puck.
3:00 of 2nd period - Penalty to Oscar Lindberg is over, Oscar Lindberg is back on ice.
3:02 of 2nd period - Icing by Andrew Ference.
3:03 of 2nd period - Jared Boll wins face-off versus T.J. Tynan in Comets zone.
3:33 of 2nd period - Will Acton is hit by Ben Hanowski and loses puck.
3:48 of 2nd period - Snap shot by Landon Ferraro.
3:48 of 2nd period - Stopped by Yann Danis with a rebound.
3:50 of 2nd period - Wrist shot by Ben Hanowski.
3:50 of 2nd period - Shot Misses the Net.
4:14 of 2nd period - Anton Volchenkov is hit by Corbin McPherson and loses puck.
5:21 of 2nd period - Snap shot by Alexey Marchenko.
5:21 of 2nd period - Shot Misses the Net.
6:17 of 2nd period - Andrew Ference is hit by T.J. Tynan and loses puck.
6:26 of 2nd period - Petr Straka is hit by Scott Glennie and loses puck.
6:53 of 2nd period - Mark Pysyk is hit by Matt Fraser and loses puck.
7:17 of 2nd period - Wrist shot by Derek Hulak.
7:17 of 2nd period - Stopped by Mike Condon without a rebound.
7:18 of 2nd period - Ben Holmstrom wins face-off versus Jared Boll in Comets zone.
7:55 of 2nd period - Wrist shot by Seth Griffith.
7:55 of 2nd period - Shot Misses the Net.
7:57 of 2nd period - Slapshot by Anton Volchenkov.
7:57 of 2nd period - Deflect By Seth Griffith.
7:57 of 2nd period - Shot Misses the Net.
7:57 of 2nd period - Puck is out of play.
7:58 of 2nd period - Jared Boll wins face-off versus Travis Morin in Comets zone.
8:38 of 2nd period - Jared Boll is hit by T.J. Tynan and loses puck.
8:49 of 2nd period - Wrist shot by Petr Straka.
8:49 of 2nd period - Stopped by Mike Condon without a rebound.
8:50 of 2nd period - Petr Straka wins face-off versus Nicklas Jensen in Comets zone.
9:00 of 2nd period - Icing by Nicklas Jensen.
9:01 of 2nd period - Nicklas Jensen wins face-off versus Travis Morin in Comets zone.
9:24 of 2nd period - Snap shot by Ben Hanowski.
9:24 of 2nd period - Shot Misses the Net.
9:40 of 2nd period - Oscar Lindberg is hit by Tyler Kennedy and loses puck.
9:49 of 2nd period - Snap shot by Mike Sislo.
9:49 of 2nd period - Shot Misses the Net.
9:51 of 2nd period - Slapshot by Corbin McPherson.
9:51 of 2nd period - Deflect By John Scott.
9:51 of 2nd period - Shot Misses the Net.
9:51 of 2nd period - Puck is out of play.
9:52 of 2nd period - Scott Wilson wins face-off versus Tyler Kennedy in Ice Hogs zone.
9:57 of 2nd period - Corbin McPherson is hit by Alexey Marchenko and loses puck.
10:06 of 2nd period - Wrist shot by Keith Ballard.
10:06 of 2nd period - Deflect By Scott Wilson.
10:06 of 2nd period - Stopped by Yann Danis with a rebound.
10:32 of 2nd period - Wrist shot by Will Acton.
10:32 of 2nd period - Stopped by Mike Condon with a rebound.
11:26 of 2nd period - Icing by Seth Griffith.
11:27 of 2nd period - Travis Morin wins face-off versus Tyler Kennedy in Ice Hogs zone.
11:32 of 2nd period - John Scott is hit by Matt Fraser and loses puck.
12:07 of 2nd period - Snap shot by Brendan Gaunce.
12:07 of 2nd period - Shot Blocked by Kyle Hagel.
12:24 of 2nd period - Anton Volchenkov is hit by Landon Ferraro and loses puck.
12:50 of 2nd period - Minor Penalty to Andrew Ference for Slashing.
12:51 of 2nd period - Travis Morin wins face-off versus Tyler Kennedy in Comets zone.
12:59 of 2nd period - Slapshot by Seth Griffith.
12:59 of 2nd period - Shot Blocked by John Scott.
14:27 of 2nd period - Jean-Philippe Cote is hit by John Scott.
14:30 of 2nd period - Icing by Colin McDonald.
14:31 of 2nd period - Scott Wilson wins face-off versus Tyler Kennedy in Ice Hogs zone.
14:31 of 2nd period - Scott Wilson is hit by John Scott.
14:47 of 2nd period - Slapshot by Seth Griffith.
14:47 of 2nd period - Goal by Seth Griffith - Comets : 0 - Ice Hogs : 2.
14:48 of 2nd period - T.J. Tynan wins face-off versus Jared Boll in neutral zone.
15:40 of 2nd period - Minor Penalty to Petr Straka for Roughing.
15:41 of 2nd period - Tyler Kennedy wins face-off versus Oscar Lindberg in Ice Hogs zone.
15:49 of 2nd period - Snap shot by Mike Sislo.
15:49 of 2nd period - Shot Blocked by Alexey Marchenko.
15:51 of 2nd period - Slapshot by Mike Sislo.
15:51 of 2nd period - Shot Misses the Net.
15:53 of 2nd period - Wrist shot by Dylan McIlrath.
15:53 of 2nd period - Deflect By Tyler Kennedy.
15:53 of 2nd period - Goal by Tyler Kennedy - Comets : 1 - Ice Hogs : 2.
15:54 of 2nd period - Travis Morin wins face-off versus Jared Boll in neutral zone.
16:46 of 2nd period - Landon Ferraro is hit by Scott Wilson and loses puck.
16:59 of 2nd period - Wrist shot by Ben Hanowski.
16:59 of 2nd period - Shot Misses the Net.
17:38 of 2nd period - Mike Sislo is hit by Petr Straka and loses puck.
17:54 of 2nd period - Mike Sislo is hit by Will Acton and loses puck.
18:14 of 2nd period - Jared Boll beats up Jean-Philippe Cote.
18:14 of 2nd period - Penalty to Jean-Philippe Cote for Fighting.
18:14 of 2nd period - Penalty to Jared Boll for Fighting.
18:15 of 2nd period - Travis Morin wins face-off versus Tyler Kennedy in Comets zone.
18:16 of 2nd period - Slapshot by Seth Griffith.
18:16 of 2nd period - Stopped by Mike Condon without a rebound.
18:17 of 2nd period - Travis Morin wins face-off versus Tyler Kennedy in Comets zone.
18:40 of 2nd period - Jeremy Welsh is hit by Seth Griffith and loses puck.
19:07 of 2nd period - Andrew Ference is hit by Colin McDonald.
19:13 of 2nd period - Frank Corrado is hit by Nicklas Jensen and loses puck.
19:26 of 2nd period - Frank Corrado is hit by Nicklas Jensen and loses puck.
19:58 of 2nd period - Tyler Kennedy is hit by T.J. Tynan.
Goals for this period are 1 for Comets vs 1 for Ice Hogs.
Shots for this period are 4 for Comets vs 5 for Ice Hogs.

3rd period


0:01 of 3rd period - Travis Morin wins face-off versus Tyler Kennedy in neutral zone.
0:18 of 3rd period - Slapshot by Matt Fraser.
0:18 of 3rd period - Shot Blocked by Mark Pysyk.
0:20 of 3rd period - Snap shot by Frank Corrado.
0:20 of 3rd period - Stopped by Mike Condon with a rebound.
0:22 of 3rd period - Snap shot by Travis Morin.
0:22 of 3rd period - Shot Blocked by Kent Huskins.
0:22 of 3rd period - Kent Huskins from Comets is injured at 0:22 of 3rd period (Right Ankle).
0:23 of 3rd period - Tyler Kennedy wins face-off versus Colin McDonald in Comets zone.
0:39 of 3rd period - Wrist shot by Mike Sislo.
0:39 of 3rd period - Stopped by Yann Danis with a rebound.
0:41 of 3rd period - Slapshot by Mark Pysyk.
0:41 of 3rd period - Deflect By Tyler Kennedy.
0:41 of 3rd period - Stopped by Yann Danis with a rebound.
1:19 of 3rd period - Travis Morin is hit by Corbin McPherson and loses puck.
1:52 of 3rd period - Slapshot by Keith Ballard.
1:52 of 3rd period - Deflect By Matt Fraser.
1:52 of 3rd period - Stopped by Yann Danis without a rebound.
1:53 of 3rd period - Scott Glennie wins face-off versus T.J. Tynan in Ice Hogs zone.
2:10 of 3rd period - Wrist shot by Tyler Kennedy.
2:10 of 3rd period - Shot Blocked by Alexey Marchenko.
2:18 of 3rd period - Scott Glennie is hit by Alexey Marchenko and loses puck.
2:23 of 3rd period - Snap shot by T.J. Tynan.
2:23 of 3rd period - Deflect By Petr Straka.
2:23 of 3rd period - Shot Blocked by Scott Glennie.
2:23 of 3rd period - Puck is out of play.
2:24 of 3rd period - Nicklas Jensen wins face-off versus Ben Holmstrom in Comets zone.
3:01 of 3rd period - Landon Ferraro is hit by Colin McDonald and loses puck.
3:12 of 3rd period - Snap shot by Seth Griffith.
3:12 of 3rd period - Deflect By Matt Fraser.
3:12 of 3rd period - Stopped by Mike Condon with a rebound.
3:50 of 3rd period - Jared Boll is hit by Jean-Philippe Cote and loses puck.
3:59 of 3rd period - Petr Straka is hit by Jared Boll.
5:23 of 3rd period - Andrew Ference is hit by Matt Fraser and loses puck.
6:04 of 3rd period - Will Acton is hit by John Scott.
6:15 of 3rd period - Icing by Alexey Marchenko.
6:16 of 3rd period - T.J. Tynan wins face-off versus Landon Ferraro in Ice Hogs zone.
6:59 of 3rd period - Scott Glennie is hit by Colin McDonald.
7:23 of 3rd period - Frank Corrado is hit by Nicklas Jensen.
7:52 of 3rd period - Snap shot by Sven Baertschi.
7:52 of 3rd period - Stopped by Yann Danis with a rebound.
7:54 of 3rd period - Snap shot by Derek Meech.
7:54 of 3rd period - Deflect By Jared Boll.
7:54 of 3rd period - Shot Blocked by Matt Fraser.
7:54 of 3rd period - Puck is out of play.
7:55 of 3rd period - Travis Morin wins face-off versus Jared Boll in Ice Hogs zone.
8:17 of 3rd period - Derek Meech is hit by Petr Straka and loses puck.
8:42 of 3rd period - Tyler Kennedy is hit by Matt Fraser and loses puck.
9:06 of 3rd period - Snap shot by Ben Hanowski.
9:06 of 3rd period - Shot Misses the Net.
10:04 of 3rd period - Off-side.
10:05 of 3rd period - T.J. Tynan wins face-off versus Nicklas Jensen in neutral zone.
10:14 of 3rd period - Mark Pysyk is hit by Will Acton and loses puck.
10:27 of 3rd period - Mike Sislo is hit by Will Acton and loses puck.
10:56 of 3rd period - Seth Griffith is hit by Jared Boll.
11:02 of 3rd period - Wrist shot by Seth Griffith.
11:02 of 3rd period - Shot Misses the Net.
11:30 of 3rd period - Nicklas Jensen is hit by Jean-Philippe Cote and loses puck.
12:00 of 3rd period - Minor Penalty to Will Acton for Hooking.
12:01 of 3rd period - Oscar Lindberg wins face-off versus Tyler Kennedy in Ice Hogs zone.
12:34 of 3rd period - Snap shot by Jared Boll.
12:34 of 3rd period - Shot Misses the Net.
13:04 of 3rd period - John Scott is hit by Oscar Lindberg and loses puck.
13:36 of 3rd period - Colin McDonald is hit by Jared Boll and loses puck.
13:56 of 3rd period - Jean-Philippe Cote is hit by John Scott and loses puck.
14:00 of 3rd period - Penalty to Will Acton is over, Will Acton is back on ice.
14:20 of 3rd period - T.J. Tynan is hit by Keith Ballard and loses puck.
15:17 of 3rd period - Snap shot by Seth Griffith.
15:17 of 3rd period - Shot Misses the Net.
15:57 of 3rd period - Slapshot by Matt Fraser.
15:57 of 3rd period - Shot Blocked by Derek Meech.
16:11 of 3rd period - Slapshot by Alexey Marchenko.
16:11 of 3rd period - Stopped by Mike Condon without a rebound.
16:12 of 3rd period - Landon Ferraro wins face-off versus Ben Holmstrom in Comets zone.
16:43 of 3rd period - Snap shot by Mike Sislo.
16:43 of 3rd period - Shot Misses the Net.
16:47 of 3rd period - Wrist shot by Mike Sislo.
16:47 of 3rd period - Stopped by Yann Danis with a rebound.
16:49 of 3rd period - Slapshot by John Scott.
16:49 of 3rd period - Stopped by Yann Danis with a rebound.
16:51 of 3rd period - Backhand shot by Tyler Kennedy.
16:51 of 3rd period - Stopped by Yann Danis with a rebound.
16:53 of 3rd period - Wrist shot by Mike Sislo.
16:53 of 3rd period - Shot Misses the Net.
17:16 of 3rd period - Snap shot by Oscar Lindberg.
17:16 of 3rd period - Stopped by Mike Condon without a rebound.
17:17 of 3rd period - Nicklas Jensen wins face-off versus Oscar Lindberg in Comets zone.
17:40 of 3rd period - Wrist shot by T.J. Tynan.
17:40 of 3rd period - Shot Misses the Net.
17:50 of 3rd period - Jared Boll is hit by T.J. Tynan and loses puck.
18:09 of 3rd period - Snap shot by Tyler Kennedy.
18:09 of 3rd period - Shot Blocked by Derek Hulak.
18:11 of 3rd period - Snap shot by Andrew Ference.
18:11 of 3rd period - Stopped by Yann Danis with a rebound.
18:13 of 3rd period - Slapshot by Dylan McIlrath.
18:13 of 3rd period - Shot Blocked by Alexey Marchenko.
18:15 of 3rd period - Slapshot by Andrew Ference.
18:15 of 3rd period - Stopped by Yann Danis without a rebound.
18:16 of 3rd period - Scott Glennie wins face-off versus Seth Griffith in Ice Hogs zone.
18:23 of 3rd period - Wrist shot by Tyler Kennedy.
18:23 of 3rd period - Deflect By Matt Fraser.
18:23 of 3rd period - Shot Misses the Net.
18:23 of 3rd period - Puck is out of play.
18:24 of 3rd period - Travis Morin wins face-off versus Tyler Kennedy in Ice Hogs zone.
18:24 of 3rd period - Travis Morin is hit by John Scott.
18:34 of 3rd period - Snap shot by Mike Sislo.
18:34 of 3rd period - Deflect By John Scott.
18:34 of 3rd period - Stopped by Yann Danis with a rebound.
18:36 of 3rd period - Slapshot by Keith Ballard.
18:36 of 3rd period - Shot Misses the Net.
18:38 of 3rd period - Slapshot by Andrew Ference.
18:38 of 3rd period - Stopped by Yann Danis with a rebound.
19:12 of 3rd period - Comets, Mike Condon is pulled from the net.
19:17 of 3rd period - Icing by Petr Straka.
19:18 of 3rd period - T.J. Tynan wins face-off versus Sven Baertschi in Ice Hogs zone.
19:23 of 3rd period - Mike Sislo is hit by Petr Straka and loses puck.
19:30 of 3rd period - Snap shot by Sven Baertschi.
19:30 of 3rd period - Shot Misses the Net.
19:32 of 3rd period - Snap shot by Mike Sislo.
19:32 of 3rd period - Stopped by Yann Danis without a rebound.
19:33 of 3rd period - Doug Houda call a timeout for Comets.
19:33 of 3rd period - Oscar Lindberg wins face-off versus Sven Baertschi in Ice Hogs zone.
19:33 of 3rd period - Oscar Lindberg is hit by John Scott.
19:39 of 3rd period - Snap shot by Sven Baertschi.
19:39 of 3rd period - Shot Misses the Net.
19:41 of 3rd period - Snap shot by Andrew Ference.
19:41 of 3rd period - Stopped by Yann Danis with a rebound.
19:43 of 3rd period - Snap shot by John Scott.
19:43 of 3rd period - Stopped by Yann Danis with a rebound.
Goals for this period are 0 for Comets vs 0 for Ice Hogs.
Shots for this period are 14 for Comets vs 4 for Ice Hogs.